Map: [ESL] Data-C

Players

Cure - Winner!

  • Race: Terran Terran
  • Spawn Location: 9:00

Lambo

  • Race: Zerg Zerg
  • Spawn Location: 3:00

Event: DreamHack SC2 Masters 2022 Atlanta (Offline)

VOD

Have the link to the VOD?

Description

Time

  • Played on: Nov. 18, 2022, 6:02 p.m.
  • Length: 13:48

All games in this series

Show
View Real Time Build Order
Export as new Build Order

Cure Terran - Winner!

Build Orders: Command Center First (CC), Mech 

Get SALT Encoding   

  12  0:00  SCV  
  13  0:12  SCV  
  14  0:17  Supply Depot  
  14  0:24  SCV  
  15  0:38  SCV  
  16  0:50  SCV  
  17  0:58  Command Center  
  17  1:02  SCV  
  18  1:12  Barracks  
  18  1:15  SCV  
  19  1:21  Refinery  
  19  1:27  SCV  
  19  1:28  Refinery  
  20  1:39  SCV  
  21  1:51  SCV  
  22  1:59  Reaper  
  23  2:03  Orbital Command  
  23  2:09  Orbital Command  
  23  2:17  Factory  
  23  2:29  SCV  
  24  2:31  Barracks Reactor  
  24  2:35  SCV  
  25  2:41  SCV  
  26  2:48  SCV  
  26  2:50  Command Center  
  27  2:53  SCV  
  28  3:00  SCV  
  28  3:02  Supply Depot  
  28  3:04  Starport  
  29  3:06  SCV  
  30  3:13  SCV  
  30  3:18  Hellion x2  
  35  3:20  Marine  
  35  3:22  SCV  
  35  3:26  SCV  
  38  3:34  SCV  
  38  3:38  SCV  
  38  3:40  Supply Depot, Fusion Core  
  40  3:41  Viking  
  40  3:46  SCV, Barracks Tech Lab  
  43  3:50  SCV  
  43  3:54  Hellion  
  46  4:01  Hellion  
  49  4:02  SCV  
  49  4:03  Supply Depot, SCV  
  49  4:06  Orbital Command  
  50  4:15  Barracks Tech Lab  
  50  4:18  SCV x2  
  50  4:21  Refinery  
  50  4:22  Refinery  
  52  4:27  Orbital Command  
  52  4:30  SCV x2, Battlecruiser  
  60  4:36  Hellion x2  
  64  4:39  Supply Depot  
  64  4:42  SCV x2  
  66  4:50  Supply Depot  
  66  4:54  SCV x3  
  66  4:58  Hellion x2  
  73  5:02  Barracks Tech Lab  
  73  5:04  Supply Depot  
  73  5:06  SCV x3  
  76  5:18  SCV x3  
  76  5:20  Hellion x2  
  83  5:27  Supply Depot  
  83  5:30  Factory x2  
  83  5:33  SCV  
  83  5:34  SCV x2  
  83  5:35  Battlecruiser  
  92  5:41  Refinery x2  
  92  5:42  Supply Depot  
  92  5:46  SCV x3  
  92  5:49  Hellion x2  
  99  6:01  SCV x3  
  102  6:07  Supply Depot  
  102  6:11  Hellion x2  
  106  6:13  SCV x3  
  106  6:16  Armory, Weapon Refit  
  106  6:17  Armory  
  109  6:26  Cyclone x2  
  109  6:30  SCV x2  
  109  6:31  SCV  
  118  6:33  Engineering Bay  
  118  6:37  Widow Mine x2  
  122  6:48  SCV x2  
  122  6:49  SCV  
  125  6:55  Supply Depot  
  125  6:57  Supply Depot  
  123  7:04  SCV x2  
  123  7:08  Terran Vehicle Weapons Level 1  
  125  7:09  Terran Vehicle And Ship Armor Level 1  
  125  7:17  SCV, Siege Tank, Hellion x2  
  125  7:18  Battlecruiser  
  125  7:21  Siege Tank  
  140  7:33  SCV x2  
  140  7:34  SCV  
  133  7:39  Hellion x2  
  133  7:40  Factory  
  133  7:42  Factory  
  137  7:47  SCV x3  
  137  7:49  Siege Tank  
  135  7:53  Siege Tank  
  135  7:56  Command Center  
  133  8:04  Smart Servos, Hellion x2, Infernal Pre-Igniter  
  135  8:18  Sensor Tower  
  135  8:23  Battlecruiser  
  135  8:24  Factory Tech Lab  
  141  8:28  Factory Reactor  
  141  8:32  Supply Depot  
  141  8:36  Supply Depot  
  141  8:37  Siege Tank  
  141  8:38  Supply Depot, Hellion x2  
  142  8:52  Siege Tank x2  
  148  8:59  Supply Depot, Hellion x2  
  148  9:00  Supply Depot, SCV x3  
  155  9:06  Hellion x2  
  155  9:09  Factory  
  159  9:10  Factory  
  159  9:12  SCV x3  
  159  9:15  Hellion  
  159  9:16  Factory  
  164  9:20  Hellion x2  
  164  9:24  SCV, Mag-Field Accelerator, Hellion  
  168  9:26  Refinery  
  171  9:32  Refinery  
  163  9:43  Cyclone x2, Hellion x2, Planetary Fortress  
  163  9:44  Hellion  
  163  9:45  SCV x2  
  175  9:46  SCV  
  176  9:57  SCV x2  
  176  9:58  SCV  
  179  10:08  Cyclone, Factory Tech Lab  
  179  10:09  Hellion, Factory Reactor  
  179  10:10  Hellion x3, Factory Tech Lab  
  190  10:14  Terran Vehicle Weapons Level 2, Terran Vehicle And Ship Armor Level 2  
  190  10:15  Cyclone  
  190  10:16  Supply Depot  
  190  10:17  Supply Depot  
  193  10:23  Command Center  
  187  10:37  Supply Depot  
  187  10:38  Supply Depot  
  183  10:53  Cyclone x2, Siege Tank x2  
  183  10:54  Hellion  
  197  10:59  Siege Tank  
  197  11:00  Hellion x2  
  197  11:03  Command Center  
  194  11:05  Command Center  
  194  11:09  Refinery x2  
  157  11:28  Cyclone x2, Siege Tank x2  
  157  11:29  Hellion x5  
  159  11:54  Siege Tank  
  159  11:55  Hellion x3  
  159  11:56  Hellion  
  159  12:00  Siege Tank  
  154  12:14  Cyclone, Hellion x2, Siege Tank x2  
  156  12:16  SCV  
  156  12:17  Hellion x3, SCV x2  
  165  12:26  Hellion, Siege Tank  
  165  12:29  Orbital Command  
  170  12:30  SCV x2, Orbital Command  
  170  12:31  SCV  
  170  12:32  Cyclone  
  170  12:36  Hellion x2  
  180  12:41  Hellion x2  
  180  12:42  SCV  
  180  12:44  Hellion  
  187  12:46  Cyclone  
  190  13:02  Cyclone, Hellion x2, Siege Tank x2  
  190  13:04  Siege Tank  
  190  13:05  Hellion  
Show
View Real Time Build Order
Export as new Build Order

Lambo Zerg 

Build Orders: Hatch First, Swarm Host 

Get SALT Encoding   

  12  0:00  Drone  
  13  0:12  Overlord  
  13  0:16  Drone  
  14  0:31  Drone x2  
  16  0:48  Hatchery  
  15  0:51  Drone  
  15  0:54  Drone  
  17  0:58  Drone  
  18  1:08  Extractor  
  17  1:13  Spawning Pool  
  17  1:16  Drone  
  17  1:19  Drone  
  18  1:27  Drone  
  19  1:38  Drone  
  20  1:49  Drone  
  21  2:00  Queen x2  
  21  2:01  Zergling x4  
  27  2:11  Drone  
  27  2:12  Overlord  
  28  2:21  Hatchery  
  27  2:23  Drone  
  28  2:31  Drone  
  28  2:32  Drone  
  28  2:33  Drone  
  31  2:38  Queen  
  33  2:46  Overlord  
  33  2:51  Drone  
  33  2:53  Metabolic Boost  
  33  2:58  Drone x2  
  35  3:04  Queen  
  37  3:08  Drone x3  
  37  3:11  Drone  
  41  3:13  Drone  
  41  3:18  Drone  
  41  3:19  Overlord  
  43  3:28  Overlord  
  43  3:33  Queen, Drone  
  46  3:36  Queen  
  46  3:39  Drone x2  
  50  3:43  Drone x3  
  50  3:45  Drone  
  50  3:47  Drone  
  55  3:51  Drone  
  55  3:52  Zergling x2  
  55  3:53  Overlord  
  57  3:56  Drone  
  57  3:57  Drone  
  57  3:58  Drone  
  60  4:05  Overlord  
  60  4:07  Zergling x4  
  60  4:09  Queen  
  62  4:16  Drone, Overlord  
  65  4:21  Overlord  
  65  4:23  Drone x2, Roach Warren  
  65  4:24  Drone x2  
  68  4:26  Zergling x4  
  68  4:31  Lair  
  70  4:32  Extractor  
  70  4:33  Zergling x2  
  70  4:35  Queen  
  70  4:37  Drone  
  74  4:38  Drone  
  74  4:39  Drone  
  74  4:41  Drone  
  74  4:43  Drone x2  
  78  4:46  Drone x2  
  78  4:49  Queen, Extractor  
  78  4:51  Drone  
  82  4:53  Drone x2  
  82  4:55  Drone x2  
  82  4:56  Drone  
  82  4:59  Extractor  
  86  5:01  Drone x2  
  86  5:02  Evolution Chamber  
  86  5:03  Spore Crawler  
  86  5:06  Spore Crawler  
  85  5:07  Spore Crawler  
  85  5:09  Drone x2  
  86  5:14  Drone x2  
  86  5:17  Overlord  
  86  5:20  Overlord x3  
  88  5:23  Overlord  
  88  5:28  Glial Reconstitution  
  88  5:29  Zerg Missile Weapons Level 1  
  88  5:32  Overlord  
  88  5:33  Infestation Pit  
  88  5:34  Extractor  
  88  5:35  Extractor, Overlord  
  85  5:40  Roach x3  
  91  5:45  Roach x2  
  91  5:46  Drone x2  
  96  5:50  Drone x2  
  96  5:56  Roach x2  
  102  6:01  Drone x2  
  102  6:02  Drone x2  
  102  6:03  Drone  
  107  6:05  Overlord  
  107  6:11  Overlord  
  107  6:13  Overlord  
  107  6:21  Overlord  
  107  6:25  Hatchery  
  104  6:33  Queen  
  104  6:34  Queen x2  
  104  6:35  Drone x2  
  112  6:40  Swarm Host x3  
  112  6:43  Swarm Host  
  112  6:44  Swarm Host  
  126  6:51  Swarm Host x2, Nydus Network  
  131  6:59  Drone x6  
  126  7:03  Drone x2  
  127  7:08  Drone  
  127  7:09  Queen, Drone  
  127  7:10  Drone  
  127  7:12  Overlord  
  130  7:16  Queen  
  130  7:20  Roach x2  
  128  7:34  Roach x3  
  131  7:41  Drone x5  
  131  7:43  Drone x6  
  137  7:47  Drone x4  
  132  7:53  Nydus Canal  
  132  7:56  Drone x2  
  132  8:04  Swarm Host x2  
  137  8:08  Nydus Canal  
  137  8:09  Swarm Host  
  138  8:15  Zerg Missile Weapons Level 2  
  138  8:17  Drone  
  138  8:19  Drone x2  
  141  8:22  Ravager  
  141  8:23  Spire, Ravager x2  
  141  8:24  Swarm Host  
  146  8:27  Drone  
  146  8:34  Drone x6  
  151  8:37  Drone x3  
  156  8:45  Swarm Host x2  
  156  8:47  Drone  
  156  8:48  Drone x2  
  165  8:50  Spore Crawler  
  165  8:51  Roach x2  
  165  8:52  Ravager x3  
  165  8:55  Swarm Host  
  174  9:07  Queen, Spire  
  176  9:10  Nydus Canal  
  176  9:18  Overlord  
  176  9:29  Queen, Overlord  
  175  9:34  Overlord  
  174  9:38  Drone  
  174  9:39  Drone x3  
  174  9:40  Extractor  
  174  9:42  Extractor  
  176  9:47  Roach x4  
  176  9:50  Drone x2  
  176  9:52  Hatchery  
  184  9:54  Nydus Canal  
  182  10:07  Baneling Nest  
  179  10:16  Pathogen Glands  
  179  10:20  Nydus Canal  
  179  10:23  Corruptor x4  
  179  10:24  Corruptor  
  191  10:34  Corruptor x2  
  191  10:42  Roach  
  191  10:49  Overlord x2  
  185  10:50  Overlord  
  185  10:54  Overlord  
  176  10:57  Roach x5  
  176  11:00  Overlord  
  176  11:03  Hatchery  
  185  11:05  Nydus Network  
  185  11:08  Roach x8  
  200  11:13  Neural Parasite  
  200  11:21  Overseer  
  200  11:23  Roach x5  
  199  11:25  Roach x3  
  199  11:27  Hive  
  199  11:32  Extractor  
  187  11:39  Hatchery  
  186  11:45  Spine Crawler  
  185  11:56  Extractor  
  174  12:01  Roach, Extractor, Spine Crawler  
  174  12:02  Roach x10  
  174  12:06  Corruptor  
  178  12:20  Infestor x4  
  178  12:24  Infestor  
  172  12:32  Ravager x2  
  172  12:36  Zergling x26, Roach x2  
  192  12:40  Ravager  
  192  12:49  Roach x5  
  190  13:03  Queen x4  
  190  13:04  Queen  
  181  13:11  Overlord x2  
  168  13:19  Roach Warren  
  161  13:22  Overlord x2  
  159  13:28  Overlord  
Tags
 
Add a new tag
Caveats
  • Supply blocks, unpowered buildings, or Contaminate may cause inaccurate times.
  • Supply counts are checked every 10 seconds.